 Dungeon Crawl Stone Soup version 0.31.0-9-g3a7656b989 (console) character file.

Game seed: 2497544895176157659

8894 AlterAsc the Mimic (level 11, -9/85 HPs)
             Began as an Octopode Shapeshifter on Jan 30, 2024.
             Was an Initiate of Gozag.
             Mangled by a very large slime creature (36 damage)
             ... on level 11 of the Dungeon.
             The game lasted 00:31:11 (8945 turns).

AlterAsc the Mimic (Octopode Shapeshifter)          Turns: 8945, Time: 00:31:11

Health: -9/85      AC: 18    Str: 24    XL:     11   Next: 38%
Magic:  11/11      EV: 11    Int: 12    God:    Gozag
Gold:   1653       SH:  0    Dex: 11    Spells: 10/10 levels left

rFire   + .          .
                       - Unarmed
rCold   . . .        (shield currently unavailable)
rNeg    . . .        (helmet currently unavailable)
rPois   +            l - amulet of regeneration
rElec   .            j - +4 ring of protection
rCorr   .            o - ring of protection from fire
SInv    .            v - ring of poison resistance
Will    .....        O - +4 ring of protection
Stlth   +            (no ring)
HPRegen 1.14/turn    (no ring)
MPRegen 0.12/turn    (no ring)
                     (no ring)

%: no passive effects
@: about to teleport, snake-form
A: constrict, boosted hp, almost no armour, amphibious, 8 rings, large,
(camouflage 1), (gelatinous body 1), (nimble swimmer 1), (tentacles)
a: Begin Untransformation, Renounce Religion, Potion Petition, Call Merchant,
Bribe Branch


You were on level 11 of the Dungeon.
You worshipped Gozag.
Gozag was most pleased with you.
You were an enormous serpent.
You visited 1 branch of the dungeon, and saw 11 of its levels.
You also visited: Sewer and Bailey.

You collected 1748 gold pieces.
You paid 95 gold pieces to Gozag.

Inventory:

Missiles
 u - 59 stones (quivered)
 x - 2 atropa-tipped darts
 y - 5 throwing nets
 R - 22 poisoned darts
Armour
 K - a +0 kite shield
Jewellery
 i - a +6 ring of intelligence
 j - a +4 ring of protection (left tentacle)
 k - a ring of fire
 l - an amulet of regeneration (around neck)
 o - a ring of protection from fire (right tentacle)
 v - a ring of poison resistance (on tentacle)
 O - a +4 ring of protection (on tentacle)
 P - an amulet of magic regeneration
 S - a ring of protection from fire
Talismans
 b - a beast talisman
 c - a flux talisman
 e - a blade talisman
 N - a serpent talisman (active)
Wands
 B - a wand of polymorph (4)
 E - a wand of flame (8)
 F - a wand of mindburst (15)
 J - a wand of quicksilver (9)
Scrolls
 d - 6 scrolls of amnesia
 f - 2 scrolls of fear
 n - 5 scrolls of enchant weapon
 r - a scroll of teleportation
 s - a scroll of enchant armour
 A - 2 scrolls of torment
 C - 3 scrolls of silence
 H - a scroll of acquirement
 L - 2 scrolls of noise
 M - 2 scrolls of revelation {unknown}
 Q - a scroll of fog {unknown}
 T - a scroll of vulnerability {unknown}
Potions
 a - a potion of lignification
 g - a potion of haste {unknown}
 h - 3 potions of heal wounds
 m - 2 potions of mutation
 p - 7 potions of curing
 q - a potion of might {unknown}
 t - 2 potions of attraction {unknown}
 w - a potion of cancellation {unknown}
 z - 2 potions of enlightenment
 D - a potion of resistance {unknown}
 G - a potion of brilliance {unknown}
 I - 2 potions of magic {unknown}


   Skills:
 - Level 5.0 Fighting
 - Level 5.0 Dodging
 - Level 11.0 Unarmed Combat
 + Level 11.5 Shapeshifting


You had 10 spell levels left.
You didn't know any spells.
Your spell library contained the following spells:

 Spells                   Type           Power      Damage    Failure   Level
 Sting                    Conj/Alch      0%         1d3       32%         1
 Ensorcelled Hibernation  Hex/Ice        0%         N/A       45%         2
 Lesser Beckoning         Tloc           0%         N/A       45%         2
 Mercury Vapours          Alch/Air       0%         N/A       45%         2
 Fugue of the Fallen      Necr           0%         N/A       69%         3
 Ozocubu's Armour         Ice            0%         N/A       69%         3
 Passwall                 Erth           0%         N/A       69%         3
 Stone Arrow              Conj/Erth      0%         3d7       69%         3
 Swiftness                Air            0%         N/A       69%         3
 Ignite Poison            Fire/Alch      0%         N/A       97%         4
 Manifold Assault         Tloc           0%         N/A       97%         4
 Olgreb's Toxic Radiance  Alch           0%         N/A       97%         4
 Summon Lightning Spire   Summ/Air       0%         N/A       97%         4
 Irradiate                Conj/Alch      0%         3d11      100%        5
 Lee's Rapid Deconstruct  Erth           0%         3d4*      100%        5
 Dispersal                Tloc           0%         N/A       100%        6
 Disjunction              Tloc           0%         N/A       100%        8
 Lehudib's Crystal Spear  Conj/Erth      0%         10d2      100%        8
 Animate Armour           Summ/Erth      Unusable   N/A       N/A         4

Dungeon Overview and Level Annotations

Branches:
Dungeon (11/15)            Temple (0/1) D:6           Sewer (visited)
 Bailey (visited)
   Lair: D:8-11         Orc: D:9-12

Altars:
Ashenzari
Cheibriados
Dithmenos
Gozag
Hepliaklqana
Kikubaaqudgha
Qazlal
Ru
Sif Muna
Vehumet
Zin

Shops:
D:5 *   D:9 [

Annotations:
D:5 1 runed translucent door, temujin's ghost, amateur DjCj
D:6 3 runed translucent doors, cariele's ghost, novice MfGl
D:10 Erolcha
D:11 3 runed translucent doors


Innate Abilities, Weirdness & Mutations

You are an enormous serpent.
You have a powerful constriction melee attack.
Your maximum health is increased.
Your armour is entirely melded.
You are incapable of wielding weapons or throwing items.
You cannot wear most types of armour.
You are amphibious.
You can wear up to eight rings at the same time.
((Your skin changes colour to match your surroundings (Stealth+).))
((Your rubbery body absorbs attacks. (AC +1, EV +1)))
((You are camouflaged when in or above water. (Stealth+)))
((You have tentacles for arms and can constrict up to eight enemies at once.))


Message History

Items here: $ ( )).
Two slime creatures merge to form a large slime creature.
You body-slam the large slime creature!!
The large slime creature is lightly wounded.
You body-slam the large slime creature!!
The large slime creature is moderately wounded.
Two slime creatures merge to form a very large slime creature.
A slime creature comes into view.
You body-slam the very large slime creature!!
The very large slime creature is moderately wounded.
A very large slime creature splits.
You hit the large slime creature.
The large slime creature is heavily wounded.
Two slime creatures merge to form a large slime creature.
The large slime creature hits you but does no damage.
Press: ? - help, v - describe, . - travel, g - get item
Here: a large slime creature (heavily wounded)
Items here: 8 gold pieces; a +0 club.
The floor.
The slime creature attacks as it pursues you!
The slime creature hits you.
Two slime creatures merge to form a very large slime creature.
Press: ? - help, v - describe, . - travel The floor.
Press: ? - help, v - describe, . - travel The floor.
The very large slime creature attacks as it pursues you!
The very large slime creature hits you!
Press: ? - help, v - describe, . - travel
Here: a very large slime creature (moderately wounded)
The floor.
The very large slime creature attacks as it pursues you!
The very large slime creature hits you!!!
Ouch! That really hurt!
You hear a shout! x3; You hear two shouts!
As you read the scroll of teleportation, it crumbles to dust.
You feel strangely unstable.
The very large slime creature hits you!!!
You die...
Your body crumbles into a pile of gold.

## .. #. .. ##.. #.
.# ....## ..
.......... .#
.#..##..##.##
............###
#...#.##S.....#
###.#...##J##.....
#.....J###o# .##
#.#$##...#.#
####.#J.....K.#
###.....$..##...#
.#Z#....$...###...#
..Z#........# #...#
...+........# ###.#
...+........# ..#
...+........# #.#


You could see a very large slime creature, a kobold brigand and an orc.

Vanquished Creatures
  A two-headed ogre (D:11)
  A centaur zombie (D:9)
  Joseph (D:10)
  An unseen horror (D:10)
  3 centaur skeletons (D:9)
  A hellwing (D:9)
  A troll (D:10)
  2 yaks (D:10)
  2 humans (Bailey)
  A water moccasin (D:8)
  3 ice beasts
  A hornet zombie (D:9)
  8 orc warriors
  4 ogres
  2 centaurs
  3 wolves (D:10)
  2 phantoms (D:5)
  3 kobold brigands
  12 bullfrogs
  A brain worm (Sewer)
  2 gnoll sergeants
  A scorpion (D:5)
  10 wights
  7 howler monkeys
  2 bombardier beetles
  A jelly (D:5)
  8 hounds
  7 orc priests
  5 iguanas
  10 orc wizards
  17 gnolls
  12 adders
  A river rat (Sewer)
  5 shadow imps
  A white imp (D:5)
  4 dart slugs
  6 ribbon worms
  47 orcs
  7 endoplasms
  7 giant cockroaches
  4 goblins
  6 hobgoblins
  6 jackals
  7 quokkas
  6 ball pythons
  10 bats
  3 frilled lizards (Sewer)
  26 kobolds
  4 rats
285 creatures vanquished.

Vanquished Creatures (others)
  An orc (D:10)
1 creature vanquished.

Grand Total: 286 creatures vanquished

Notes
Turn   | Place    | Note
-------+----------+-------------------------------------------
     0 | D:1      | AlterAsc the Octopode Shapeshifter began the quest for the
                  | Orb.
     0 | D:1      | Reached XP level 1. HP: 13/13 MP: 1/1
   155 | D:1      | Reached XP level 2. HP: 15/18 MP: 2/2
   597 | D:1      | Reached XP level 3. HP: 23/23 MP: 3/3
   606 | D:1      | Found a faded altar of an unknown god.
  1430 | D:2      | Identified the +2 robe of the Goldsmith {Dex+7}
  1486 | D:3      | Reached XP level 4. HP: 27/28 MP: 4/4
  1491 | D:3      | Reached skill level 5 in Unarmed Combat
  1619 | D:3      | Found a sacrificial altar of Ru.
  1680 | D:3      | Identified the +14 plate armour of Hangman {Int+3 Slay+3}
  1719 | D:3      | Found a glowing silver altar of Zin.
  2238 | D:3      | Found a stormy altar of Qazlal.
  2524 | D:3      | Found a snail-covered altar of Cheibriados.
  2611 | D:4      | Reached XP level 5. HP: 33/33 MP: 5/5
  2666 | D:4      | Reached XP level 6. HP: 36/38 MP: 6/6
  2673 | D:4      | Found a glowing drain.
  2811 | Sewer    | Entered a sewer
  3130 | Sewer    | Reached XP level 7. HP: 43/43 MP: 7/7
  3239 | Sewer    | Identified the +1 pair of gloves of Inaction {rF+++ MP-9
                  | Int-3 Dex+3}
  3698 | D:5      | Entered Level 5 of the Dungeon
  3824 | D:5      | Found an opulent altar of Gozag.
  3828 | D:5      | Became a worshipper of Gozag Ym Sagoz the Greedy
  4000 | D:5      | Reached XP level 8. HP: 48/48 MP: 8/8
  4290 | D:5      | Found a runed translucent door.
  4291 | D:5      | Noticed temujin's ghost (amateur DjCj)
  4310 | D:5      | Reached skill level 10 in Unarmed Combat
  4572 | D:5      | Found Pihuqut's Lightly-Used Armoury.
  4736 | D:6      | Found a runed translucent gate.
  4747 | D:6      | Found a runed translucent gate.
  4747 | D:6      | Found a runed translucent gate.
  4748 | D:6      | Noticed a kobold demonologist
  4748 | D:6      | Noticed cariele's ghost (novice MfGl)
  5088 | D:6      | Reached XP level 9. HP: 29/54 MP: 9/9
  5115 | D:6      | Found a staircase to the Ecumenical Temple.
  5157 | D:6      | Found a shadowy altar of Dithmenos.
  5158 | D:6      | Found a hazy altar of Hepliaklqana.
  5651 | D:7      | Found a flagged portal.
  5687 | Bailey   | Entered a bailey
  5781 | Bailey   | Reached skill level 5 in Shapeshifting
  5828 | Bailey   | Noticed a vault guard
  5839 | Bailey   | Noticed a vault guard
  5839 | Bailey   | Noticed Prince Ribbit
  6151 | D:7      | Found an ancient bone altar of Kikubaaqudgha.
  6155 | D:7      | Reached skill level 5 in Dodging
  6163 | D:7      | Found a shimmering blue altar of Sif Muna.
  6188 | D:7      | Found a radiant altar of Vehumet.
  6317 | D:8      | Reached skill level 5 in Fighting
  6412 | D:8      | Reached XP level 10. HP: 29/66 MP: 10/10
  7375 | D:9      | Identified the +1 robe "Yvvikk" {Harm Rampage rElec Str+6}
  7395 | D:9      | Found Tuulasown's Antique Armour Emporium.
  7421 | D:9      | Got the Exposition on Dimensional Impurities
  7521 | D:9      | Identified a scroll of acquirement
  7572 | D:9      | Found a broken altar of Ashenzari.
  8114 | D:10     | Entered Level 10 of the Dungeon
  8286 | D:10     | Reached skill level 10 in Shapeshifting
  8309 | D:9      | Reached XP level 11. HP: 71/71 MP: 11/11
  8834 | D:10     | Noticed Joseph
  8842 | D:10     | Killed Joseph
  8858 | D:10     | Noticed Erolcha
  8902 | D:11     | Found a runed translucent gate.
  8902 | D:11     | Found a runed translucent gate.
  8902 | D:11     | Found a runed translucent gate.
  8908 | D:11     | Noticed a two-headed ogre
  8916 | D:11     | Killed a two-headed ogre
  8945 | D:11     | Mangled by a very large slime creature

Illustrated notes

Levels and vault maps discovered:
D:1:      nzn_arrival_crosshair, layout_rooms, hellmonk_ecumenical_altar_run_dry
D:2:      layout_loops_corners
D:3:      layout_basic, zin_statuary, nicolae_ru_awakened_eye,
          grunt_qazlal_sundering, cheibrodos_worm_habitat
D:4:      layout_cave_pools, portal_sewer_entry_f
D:5:      layout_basic, marbit_many_paths, ebering_ghost_reflecting_pool,
          minmay_shop_damaged, minmay_misc_feat_secret_circle
D:6:      layout_cave_pools, riverfiend_overflow_shadow_ancestor,
          minmay_temple_entry_trees, gammafunk_ghost_nasty_kobolds,
          serial_column_ruins, column_ruins_hut_water, column_ruins_hut,
          column_ruins_columns_straight, column_ruins_columns_straight,
          column_ruins_columns_plus, column_ruins_open_tiny, minmay_misc_feat_x
D:7:      layout_basic, palyth_temple_overflow_mages, enter_bailey_2
D:8:      layout_loops_ring
D:9:      cheibrodos_grave_circle, layout_basic, cheibrodos_ashenzari_chains,
          serial_shops, nicolae_shop_overgrown_old_shop,
          kennysheep_generic_room_12
D:10:     layout_roguey [special_room_orc],
          mainiacjoe_overflow_concentric_impassable, erik_lair_island,
          uniq_erolcha, uniq_joseph
D:11:     layout_rooms, david_orc_2, gammafunk_ghost_necromancy,
          grunt_ministairs_7, st_stairs_5, kennysheep_opposing_triangles

Skill      XL: |  1  2  3  4  5  6  7  8  9 10 11 |
---------------+----------------------------------+-----
Unarmed Combat | 4 5 6 7 9 11 | 11.0
Fighting       | 5 |  5.0
Dodging        | 5 |  5.0
Shapeshifting  | 6 10 11 | 11.5

Action                     |  1- 3 |  4- 6 |  7- 9 | 10-12 || total
---------------------------+-------+-------+-------+-------++-------
  Melee: Unarmed           |    61 |   130 |   243 |   247 ||   681
         Constrict         |    16 |    39 |    63 |    52 ||   170
         Tentacles         |    13 |    27 |    56 |    12 ||   108
         Punch             |     2 |     9 |    12 |     3 ||    26
  Throw: Stone             |       |       |    24 |     1 ||    25
         Dart              |       |       |     1 |       ||     1
  Evoke: Wand              |       |       |       |     2 ||     2
    Use: Scroll            |       |     5 |    10 |     5 ||    20
   Stab: Sleeping          |     5 |    10 |     6 |     2 ||    23
         Distracted        |     1 |       |     1 |     1 ||     3
         Invisible         |       |       |     1 |       ||     1
 Armour: Skin              |    22 |    44 |   125 |   191 ||   382
  Dodge: Dodged            |    29 |    77 |    99 |   113 ||   318
   Form: Serpent           |       |       |       |     1 ||     1
